 Dungeon Crawl Stone Soup version 0.29.1-2-gbd0b4ee654 (webtiles) character file.

Game seed: 2754560867274948288

26 MisterFreud the Twirler (level 3, 0/27 HPs)
             Began as a Formicid Gladiator on Oct 28, 2022.
             Slain by an adder (3 damage)
             ... on level 2 of the Dungeon.
             The game lasted 00:00:54 (1189 turns).

MisterFreud the Twirler (Formicid Gladiator)        Turns: 1189, Time: 00:00:55

Health: 0/27       AC:  3    Str: 20    XL:     3   Next: 22%
Magic:  3/3        EV: 12    Int:  7    God:
Gold:   20         SH:  0    Dex: 15    Spells: 2/2 levels left

rFire   . . .      SeeInvis +   a - +0 quarterstaff
rCold   . . .      Faith    .   (no shield)
rNeg    . . .      Spirit   .   b - +0 leather armour
rPois   .          Reflect  .   (helmet unavailable)
rElec   .          Harm     .   (no cloak)
rCorr   .          Rampage  .   (no gloves)
Will    .....                   (no boots)
Stlth   +.........              (no amulet)
HPRegen 0.09/turn               (no ring)
MPRegen 0.08/turn               (no ring)

@: lethally poisoned (0 -> 0)
A: permanent stasis, dig shafts and tunnels, antennae 3, four strong arms
a: Dig, Shaft Self


You were on level 2 of the Dungeon.
You visited 1 branch of the dungeon, and saw 2 of its levels.

You collected 20 gold pieces.

Inventory:

Hand Weapons
 a - a +0 quarterstaff (weapon)
Missiles
 c - 3 throwing nets (quivered)
 d - a javelin
Armour
 b - a +0 leather armour (worn)
Scrolls
 e - a scroll of enchant armour {unknown}
 f - a scroll of blinking {unknown}


   Skills:
 - Level 2.1 Fighting
 + Level 4.1 Staves
 - Level 2.0 Throwing
 - Level 2.6 Dodging


You had 2 spell levels left.
You didn't know any spells.
Your spell library was empty.

Dungeon Overview and Level Annotations

Branches:
Dungeon (2/15)

Altars:


Innate Abilities, Weirdness & Mutations

You cannot be hasted, slowed, berserked, paralysed or teleported.
You can dig through walls and to a lower floor.
You have a pair of large antennae on your head. (SInv)
Your four strong arms can wield two-handed weapons with a shield.


Message History

The adder bites you. The jackal barely misses you.
The jackal attacks as you move away! The jackal barely misses you.
The adder bites you but does no damage.
You see here 3 stones.
The jackal attacks as you move away!
The jackal bites you but does no damage.
The adder barely misses you. The jackal bites you. The jackal misses you.
You open the large door.
A rat comes into view.
The adder bites you.
The jackal bites you but does no damage.
Found a hand axe.
You hit the jackal but do no damage. The adder bites you but does no damage.
The jackal bites you but does no damage. x2
The jackal bites you. The jackal closely misses you. The adder bites you.
You barely miss the jackal. The jackal closely misses you.
The jackal misses you. The jackal barely misses you.
The jackal closely misses you. The adder bites you.
You are poisoned.
The adder poisons you! The jackal bites you. The jackal closely misses you.
The jackal bites you but does no damage.
The jackal misses you.
You closely miss the jackal.
You feel sick. The jackal closely misses you.
The jackal bites you but does no damage.
The adder closely misses you. The jackal closely misses you.
The jackal barely misses you. The adder barely misses you.
The jackal bites you. x2; The jackal misses you.
Unknown command.
Are you sure you want to shaft yourself?
You feel sick. The jackal barely misses you. The jackal bites you.
* * * LOW HITPOINT WARNING * * *
The jackal bites you.
* * * LOW HITPOINT WARNING * * *
The jackal bites you but does no damage.
The adder closely misses you. The jackal misses you.
You begin to dig a shaft.
You continue digging a shaft.
You feel sick.
The jackal bites you but does no damage. x3
The jackal misses you. The adder bites you.
You die...

.#+##
########......
#.............
#..!..........
#............
#............
+........#
#hhS.....# {
#.@h..<..#
##h####### #r#
{ ... ...
..).# ....#
.....+


You could see an adder, 4 jackals and a rat.

Vanquished Creatures
  4 endoplasms (D:1)
  2 giant cockroaches (D:1)
  2 goblins (D:1)
  2 hobgoblins (D:1)
  5 ball pythons (D:1)
  4 bats (D:1)
  3 kobolds (D:1)
  A rat (D:1)
23 creatures vanquished.

Notes
Turn   | Place    | Note
-------+----------+-------------------------------------------
     0 | D:1      | MisterFreud the Formicid Gladiator began the quest for the
                  | Orb.
     0 | D:1      | Reached XP level 1. HP: 16/16 MP: 1/1
   328 | D:1      | Reached XP level 2. HP: 15/22 MP: 2/2
   514 | D:1      | Found a faded altar of an unknown god.
   670 | D:1      | Reached skill level 4 in Staves
   670 | D:1      | Reached XP level 3. HP: 22/27 MP: 3/3
  1189 | D:2      | Slain by an adder

Illustrated notes

Levels and vault maps discovered:
D:1:      dpeg_arrival_water_fire, layout_loops_ring,
          chequers_ecumenical_altar_simple_redux, minmay_pentomino_x2
D:2:      layout_basic

Skill      XL: |  1  2 |
---------------+-------+-----
Staves         | 4 |  4.1
Fighting       | |  2.1
Throwing       | |  2.0
Dodging        | |  2.6

Action                   || total
-------------------------++-------
Melee: Quarterstaff      ||    58
 Abil: Shaft Self        ||     1
 Stab: Sleeping          ||     1
Armor: Leather armour    ||    29
Dodge: Dodged            ||    70
